 Dungeon Crawl Stone Soup version 0.26-a0-682-g294304f6e8 (webtiles) character file.

Game seed: 2880123229819071078

51342 ringo67 the Zephyrmancer (level 14, -9/91 HPs)
             Began as a Tengu Air Elementalist on Oct 22, 2020.
             Was a High Priest of Sif Muna.
             Mangled by an orc warlord
             ... wielding a +3 long sword of flaming
              (20 damage)
             ... on level 1 of the Orcish Mines.
             The game lasted 01:41:43 (40409 turns).

ringo67 the Zephyrmancer (Tengu Air Elementalist)  Turns: 40409, Time: 01:41:44

Health: -9/91      AC: 16    Str:  8    XL:     14   Next: 59%
Magic:  21/27      EV: 21    Int: 20    God:    Sif Muna [*****.]
Gold:   1338       SH:  0    Dex: 16    Spells: 14/30 levels left

rFire    . . .     SeeInvis .   C - +2 whip (venom)
rCold    . . .     Faith    +   (no shield)
rNeg     . . .     Spirit   .   p - +0 scale mail
rPois    .         Reflect  .   (helmet restricted)
rElec    .         Harm     .   z - +1 cloak
rCorr    .         Rampage  .   c - +0 pair of gloves
MR       +....                  (boots unavailable)
Stlth    +.........             g - amulet of faith
HPRegen  0.25/turn              D - +4 ring of protection
MPRegen  0.20/turn              t - +4 ring of evasion

@: flying quickly and evasively, quick
A: beak, talons 3, able to fly
a: Stop Flying, Channel Magic, Forget Spell, Divine Exegesis, Renounce Religion


You were on level 1 of the Orcish Mines.
You worshipped Sif Muna.
Sif Muna was extremely pleased with you.
You visited 4 branches of the dungeon, and saw 21 of its levels.
You also visited: Ossuary, Ice Cave and Volcano.

You collected 1338 gold pieces.

Inventory:

Hand Weapons
 n - a +2 vampiric demon trident
 C - a +2 whip of venom (weapon)
 J - the cursed +3 short sword of the Crushing Rat {protect, +Rage SInv}
   (You found it on level 6 of the Lair of Beasts)

   It grants its wielder temporary protection when it strikes (+7 to AC).
   It lets you see invisible.
   It lets you go berserk.
   It has a curse placed upon it.
Armour
 c - a +0 pair of gloves (worn)
 p - a +0 scale mail (worn)
 x - a +1 robe of fire resistance
 y - a scarf of invisibility
 z - a +1 cloak (worn)
Magical Staves
 T - an uncursed staff of earth
Jewellery
 a - an uncursed ring of wizardry
 b - an uncursed ring of resist corrosion
 g - an amulet of faith (around neck)
 t - a +4 ring of evasion (right hand)
 w - an uncursed amulet of the acrobat
 D - a +4 ring of protection (left hand)
 E - an uncursed ring of protection from magic
 N - a +6 ring of intelligence
 Q - an uncursed ring of protection from fire
 R - an uncursed ring of poison resistance
Wands
 r - a wand of disintegration (18)
 u - a wand of iceblast (32)
 F - a wand of paralysis (15)
 L - a wand of enslavement (5)
 M - a wand of acid (26)
 S - a wand of flame (28)
Scrolls
 h - 2 scrolls of identify
 i - 9 scrolls of teleportation
 k - 4 scrolls of enchant weapon
 m - 4 scrolls of magic mapping
 v - 7 scrolls of remove curse
 B - 4 scrolls of enchant armour
 I - 4 scrolls of vulnerability
 K - 4 scrolls of fog
 V - a scroll of blinking
Potions
 d - 3 potions of resistance
 e - 5 potions of heal wounds
 f - a potion of lignification
 j - 9 potions of curing
 l - 2 potions of might
 o - 2 potions of berserk rage
 q - 2 potions of stabbing
 s - 3 potions of ambrosia
 A - 4 potions of brilliance
 G - a potion of invisibility
 O - a potion of mutation
 P - 2 potions of haste
 U - 2 potions of cancellation


   Skills:
 + Level 11.7 Fighting
 + Level 10.8 Armour
 - Level 12.5 Dodging
 - Level 2.0 Stealth
 + Level 8.6 Spellcasting
 - Level 5.1 Conjurations
 - Level 3.0 Summonings
 * Level 14.2 Air Magic
 - Level 6.5 Invocations


You had 14 spell levels left.
You knew the following spells:

 Your Spells              Type           Power        Failure   Level
a - Shock                 Conj/Air       ####         1%          1
b - Swiftness             Air            ######..     1%          2
c - Airstrike             Air            ######....   1%          4
d - Lightning Bolt        Conj/Air       #####.....   24%         5
e - Summon Lightning Spi  Summ/Air       #####...     14%         4

Your spell library contained the following spells:

 Spells                   Type           Power        Failure   Level
 Static Discharge         Conj/Air       #####...     2%          3
 Corpse Rot               Necr/Air       N/A          3%          2
 Poisonous Vapours        Pois/Air       #####.       3%          2
 Beastly Appendage        Tmut           #.....       43%         1
 Sting                    Tmut/Pois      #...         43%         1
 Silence                  Hex/Air        #####.....   56%         5
 Sublimation of Blood     Necr           #.........   58%         2
 Wereblood                Tmut           #.......     58%         2
 Summon Guardian Golem    Hex/Summ       ##......     61%         3
 Conjure Ball Lightning   Conj/Air       #####.....   80%         6
 Spider Form              Tmut/Pois      #.........   82%         3
 Iskenderun's Mystic Bla  Conj/Tloc      ###.....     86%         4
 Dispel Undead            Necr           #.......     99%         4
 Ice Form                 Ice/Tmut       #.......     99%         4
 Freezing Cloud           Conj/Ice/Air   ####......   99%         6
 Agony                    Necr           #.......     100%        5
 Blade Hands              Tmut           #.........   100%        5
 Excruciating Wounds      Necr           #.........   100%        5
 Spellforged Servitor     Conj/Summ      ###.......   100%        7
 Summon Hydra             Summ           ###.......   100%        7
 Tornado                  Air            ######....   100%        9


Dungeon Overview and Level Annotations

Branches:
Dungeon (12/15)            Temple (1/1) D:4            Lair (6/6) D:8
  Swamp (0/4) Lair:4        Slime (0/5) Lair:6          Orc (2/2) D:12
    Elf (0/3) Orc:2       Ossuary (visited)           IceCv (visited)
Volcano (visited)
  Snake: Lair:2-4    Spider: Lair:2-4

Altars:
Cheibriados
Elyvilon
Fedhas
Gozag
Hepliaklqana
Okawaru
Sif Muna
Uskayaw
Vehumet
Xom
Yredelemnul
The Shining One
Jiyva

Shops:
D:12 :

Portals:
Trove: D:10 (show abyssal rune of Zot)

Annotations:
D:9 Erolcha


Innate Abilities, Weirdness & Mutations

You have a beak for a mouth.
You have claws for feet.
You can fly continuously.


Message History

The orc warlord goes into a battle-frenzy!
Your lightning spire shoots out a bolt of lightning at the warg!
The bolt of electricity hits the warg!
You fly upwards.
There is a stone staircase leading down here.
Casting: Summon Lightning Spire (dangerous; 14% risk of failure)
Confirm with . or Enter, or press ? or * to list all spells.
An electric hum fills the air.
The orc warlord completely misses you.
You hit the orc warlord but do no damage.
You claw the orc warlord, but do no damage.
The orc warlord hits you with a +3 long sword of flaming!!
The orc warlord burns you!
Your lightning spire shoots out a bolt of lightning at the orc warlord!
The bolt of electricity hits the orc warlord!
You completely miss the orc warlord.
The orc warlord is lightly wounded.
The orc warlord hits you with a +3 long sword of flaming!!!
* * * LOW HITPOINT WARNING * * *
The orc warlord burns you!!
You die...

#......###....#.........#
##.#..## ###.....##..#.##
#####<#####....########
#......##.......#.##
##......#..........#
###...#.......#.....##
#.....##....####.....#
###...#....o8.#....###
##.......#@....#.#
##......##[[[..###
#.......##.....##
##..#...........##
######.#...#....##
##..........#
##..###.#..##
#.#...##...#
#####..#..#.##


You could see an orc warlord (strong) and a friendly lightning spire (summoned).

Vanquished Creatures
  A fire dragon (Lair:6)
  A boulder beetle (Lair:6)
  13 hydras
  A two-headed ogre (D:9)
  Urug (Lair:3)
  A fire crab (Lair:6)
  2 lindwurms
  Pikel (D:7)
  2 ugly things (D:12)
  3 cyclopes
  6 black mambas
  5 elephants
  Psyche (D:8)
  2 torpor snails (Lair:6)
  10 cane toads
  2 molten gargoyles (Lair:6)
  2 rime drakes
  3 komodo dragons
  An ice devil (Lair:3)
  2 trolls
  10 polar bears
  9 dream sheep (Lair:6)
  3 slime creatures
  15 blink frogs
  33 yaks
  A wraith (D:10)
  8 wyverns
  5 basilisks
  2 steam dragons (Lair:6)
  3 wargs
  4 hell hounds
  11 water moccasins
  2 nameless horrors
  A sky beast (D:11)
  9 ice beasts
  5 orc warriors
  3 phantoms
  2 black bears
  21 wolves
  5 ogres
  An eye of draining (D:11)
  A necrophage (D:8)
  4 centaurs
  20 bullfrogs
  7 scorpions
  11 wights
  3 electric eels
  4 howler monkeys
  A quasit (D:8)
  3 centaur zombies
  3 hounds
  5 lava snakes (Lair:6)
  A bullfrog zombie (D:5)
  12 jellies
  9 orc priests
  14 orc wizards
  3 bullfrog skeletons
  2 iguanas
  Jessica (D:3)
  7 worker ants
  2 big kobold zombies (Ossuary)
  2 mummies (Ossuary)
  A howler monkey zombie (D:10)
  7 gnolls
  9 adders
  2 howler monkey skeletons
  7 white imps
  7 ufetubi
  11 oozes
  3 adder zombies
  4 worms
  3 dart slugs
  8 leopard geckos
  62 orcs
  8 bats
  14 giant cockroaches
  3 goblins
  5 hobgoblins
  5 jackals
  2 quokkas
  A ball python skeleton (D:4)
  8 frilled lizards
  9 hobgoblin zombies (Ossuary)
  2 jackal zombies (Ossuary)
  9 kobolds
  11 kobold zombies (Ossuary)
  A leopard gecko skeleton (D:5)
  7 orc zombies (Ossuary)
  11 rats
  A rat zombie (Ossuary)
549 creatures vanquished.

Vanquished Creatures (collateral kills)
  A boulder beetle (D:11)
  A black mamba (Lair:6)
  A troll (D:12)
  2 slime creatures (D:12)
  10 yaks
  A water moccasin (Lair:6)
  A hell hound (Lair:6)
  An orc warrior (Orc:2)
  2 ogres
  5 wights (D:11)
  A jelly (D:11)
  An iguana (D:12)
  2 orc wizards
  5 orcs
34 creatures vanquished.

Vanquished Creatures (others)
  5 white imps (IceCv)
  3 ufetubi (IceCv)
  4 bushes (Lair:6)
  80 fungi
  73 plants
165 creatures vanquished.

Grand Total: 748 creatures vanquished

Notes
Turn   | Place    | Note
-------+----------+-------------------------------------------
     0 | D:1      | ringo67 the Tengu Air Elementalist began the quest for the
                  | Orb.
     0 | D:1      | Reached XP level 1. HP: 10/10 MP: 4/4
   432 | D:1      | Reached XP level 2. HP: 15/15 MP: 3/6
   884 | D:1      | Found a glowing golden altar of the Shining One.
  1734 | D:2      | Reached XP level 3. HP: 19/19 MP: 3/7
  2293 | D:2      | Reached XP level 4. HP: 14/24 MP: 1/8
  3086 | D:3      | Reached skill level 5 in Air Magic
  3711 | D:3      | Gained mutation: You can fly continuously. [Tengu growth]
  3711 | D:3      | Reached XP level 5. HP: 28/28 MP: 5/10
  3765 | D:3      | Learned a level 2 spell: Swiftness
  3770 | D:3      | Learned a level 4 spell: Airstrike
  4437 | D:3      | Noticed Jessica
  4444 | D:3      | Killed Jessica
  4444 | D:3      | Reached skill level 6 in Air Magic
  4444 | D:3      | Reached XP level 6. HP: 32/32 MP: 7/11
  4694 | D:4      | Found an iron altar of Okawaru.
  4756 | D:4      | Noticed a phantom
  4801 | D:4      | Killed a phantom
  4924 | D:4      | Found a staircase to the Ecumenical Temple.
  4936 | D:4      | Reached XP level 7. HP: 36/36 MP: 6/13
  4994 | Temple   | Entered the Ecumenical Temple
  5036 | Temple   | Became a worshipper of Sif Muna the Loreminder
  5127 | D:4      | Reached skill level 7 in Air Magic
  5856 | D:5      | Entered Level 5 of the Dungeon
  5886 | D:5      | Reached skill level 5 in Conjurations
  5996 | D:5      | Reached skill level 8 in Air Magic
  6053 | D:5      | Found a sand-covered staircase.
  6063 | Ossuary  | Entered an ossuary
  6138 | Ossuary  | Reached * piety under Sif Muna
  6293 | Ossuary  | Reached XP level 8. HP: 33/42 MP: 11/15
  6318 | Ossuary  | Reached skill level 1 in Armour
  6389 | Ossuary  | Reached skill level 1 in Fighting
  6427 | Ossuary  | Reached skill level 1 in Invocations
  6439 | Ossuary  | Reached ** piety under Sif Muna
  6577 | D:5      | Reached skill level 5 in Dodging
  6878 | D:5      | Found a radiant altar of Vehumet.
  7118 | D:5      | Found a snail-covered altar of Cheibriados.
  8999 | D:6      | Reached XP level 9. HP: 39/51 MP: 0/16
 10977 | D:7      | Noticed Pikel
 10991 | D:7      | Killed Pikel
 10991 | D:7      | Reached skill level 9 in Air Magic
 11920 | D:7      | Found a shimmering altar of Xom.
 11922 | D:7      | Found a shimmering altar of Xom.
 12016 | D:7      | Reached *** piety under Sif Muna
 12551 | D:8      | Reached skill level 5 in Fighting
 12736 | D:8      | Reached XP level 10. HP: 56/59 MP: 0/17
 12795 | D:8      | Noticed Psyche
 12806 | D:7      | Reached skill level 10 in Air Magic
 12926 | D:8      | Killed Psyche
 12926 | D:8      | Reached skill level 5 in Invocations
 13356 | D:8      | Learned a level 5 spell: Lightning Bolt
 13516 | D:8      | Found a basalt altar of Yredelemnul.
 13567 | D:8      | Found a staircase to the Lair.
 14309 | D:9      | Noticed Erolcha
 14341 | D:9      | Found a hide-covered altar of Uskayaw.
 14703 | D:9      | Reached **** piety under Sif Muna
 14714 | D:9      | Noticed a cyclops
 14832 | D:9      | Noticed a two-headed ogre
 14877 | Lair:1   | Entered Level 1 of the Lair of Beasts
 15368 | Lair:1   | Noticed a cane toad
 15382 | Lair:1   | Killed a cane toad
 15616 | Lair:1   | Reached skill level 5 in Spellcasting
 15749 | Lair:1   | Noticed a four-headed hydra
 15764 | Lair:1   | Reached skill level 5 in Armour
 15817 | D:8      | Reached XP level 11. HP: 56/66 MP: 8/19
 15990 | Lair:1   | Killed a four-headed hydra
 16812 | Lair:1   | Noticed a seven-headed hydra
 16823 | Lair:1   | Killed a seven-headed hydra
 17713 | Lair:2   | Found a dark tunnel.
 17715 | Lair:2   | Noticed a lindwurm
 17726 | Lair:2   | Killed a lindwurm
 17736 | Volcano  | Entered a volcano
 18527 | Lair:2   | Reached skill level 10 in Dodging
 19187 | Lair:2   | Noticed a catoblepas
 19343 | Lair:3   | Noticed a death yak
 19343 | Lair:3   | Noticed a death yak
 19343 | Lair:3   | Noticed a death yak
 19343 | Lair:3   | Noticed a death yak
 19343 | Lair:3   | Noticed a death yak
 19344 | Lair:3   | Noticed a death yak
 19390 | Lair:3   | Found a frozen archway.
 19703 | IceCv    | Entered an ice cave
 21155 | Lair:3   | Noticed Urug
 21168 | Lair:3   | Killed Urug
 21168 | Lair:3   | Reached XP level 12. HP: 75/75 MP: 1/22
 22382 | Lair:4   | Noticed a six-headed hydra
 22395 | Lair:4   | Killed a six-headed hydra
 22574 | Lair:4   | Noticed an eight-headed hydra
 22963 | Lair:4   | Killed an eight-headed hydra
 23866 | Lair:4   | Found a staircase to the Swamp.
 25558 | Lair:5   | Noticed a seven-headed hydra
 25569 | Lair:5   | Killed a seven-headed hydra
 25569 | Lair:5   | Reached ***** piety under Sif Muna
 25569 | Lair:5   | Reached skill level 10 in Fighting
 25700 | Lair:5   | Learned a level 4 spell: Summon Lightning Spire
 25813 | Lair:4   | Reached skill level 1 in Summonings
 25813 | Lair:4   | Reached XP level 13. HP: 51/82 MP: 6/23
 26011 | Lair:5   | Reached skill level 11 in Air Magic
 26666 | Lair:5   | You are sucked into a shaft and drop 1 floor!
 26666 | Lair:6   | Entered Level 6 of the Lair of Beasts
 26666 | Lair:6   | Found a viscous altar of Jiyva.
 26666 | Lair:6   | Found a staircase to the Slime Pits.
 26683 | Lair:5   | Identified Sif Muna's Grimoire of a Billion Visions (Sif
                  | Muna gifted it to you on level 5 of the Lair of Beasts)
 26683 | Lair:5   | Received a gift from Sif Muna
 28483 | Lair:6   | Got a fine short sword
 28484 | Lair:6   | Identified the cursed +3 short sword of the Crushing Rat
                  | {protect, +Rage SInv} (You found it on level 6 of the Lair
                  | of Beasts)
 30401 | Lair:6   | Reached skill level 12 in Air Magic
 32765 | Lair:6   | Reached skill level 10 in Armour
 33029 | Lair:6   | Reached XP level 14. HP: 87/90 MP: 0/26
 33955 | D:9      | Found a hazy altar of Hepliaklqana.
 34072 | D:10     | Entered Level 10 of the Dungeon
 34190 | D:10     | Reached skill level 13 in Air Magic
 34509 | D:10     | Found a portal to a secret trove of treasure.
 35115 | D:11     | Identified the cursed +1 quarterstaff "Kyacy" {pain, Str+4
                  | Stlth+} (You found it on level 11 of the Dungeon)
 35916 | D:11     | Found an opulent altar of Gozag.
 36230 | D:12     | Found a staircase to the Orcish Mines.
 36672 | D:12     | Identified Sif Muna's Tome of Floating Envenoming (Sif Muna
                  | gifted it to you on level 12 of the Dungeon)
 36672 | D:12     | Received a gift from Sif Muna
 36965 | D:12     | Found Adoun's Book Emporium.
 37341 | Orc:1    | Entered Level 1 of the Orcish Mines
 37657 | Orc:2    | Entered Level 2 of the Orcish Mines
 37667 | Orc:2    | Found a staircase to the Elven Halls.
 37766 | Orc:2    | Noticed an orc warlord
 39144 | Lair:6   | Reached skill level 14 in Air Magic
 39397 | Lair:6   | Found a large runed translucent door.
 39397 | Lair:6   | Found a large runed translucent door.
 40409 | Orc:1    | Mangled by an orc warlord

Illustrated notes

Levels and vault maps discovered:
D:1:      ncdulo_halloftheorcs, layout_basic, tso_altar
D:2:      layout_basic
D:3:      minmay_roachtagon, layout_loops_ring, lexackson_kobold_supper,
          uniq_jessica
D:4:      layout_loops_ring, minmay_temple_entry_ruins, okawaru_gym_becter
D:5:      layout_rooms, kennysheep_slug_shrine, basic_altar,
          lightli_ossuary_entry_decrepit_ruins
D:6:      layout_layer_cave
D:7:      lemuel_slime, layout_loops_ring, xom_shifter_show, uniq_pikel
D:8:      layout_rooms, old_standard_altar, erik_lair_orcish_takeover,
          uniq_psyche
D:9:      layout_basic, overflow_temple_1_default, kennysheep_little_box,
          basic_altar, minmay_sticks_and_stones, uniq_erolcha, uniq_maggie
D:10:     layout_long_grid, nicolae_trove_entry_columns, hex_large
D:11:     layout_roguey, grunt_gozag_statues
D:12:     layout_small_grid, orc_0_dummy, serial_shops, nicolae_shop_crystal
Temple:   dpeg_five_rooms_temple
Lair:1:   layout_small_grid, infiniplex_staircase_pool
Lair:2:   layout_hall_layers, nicolae_volcano_entry_vermiform
Lair:3:   layout_hall_layers, nicolae_spider_entry_orb_guardian,
          portal_ice_cave_entry_ice_beasts, ebering_ghost_inner_flame,
          cheibrodos_lair_lostbears, grunt_megastairs_5, serial_bayou_shore_b,
          uniq_urug
Lair:4:   layout_long_grid, swamp_mist_pool, grunt_megastairs_4
Lair:5:   layout_regular_city, beast_lair_carwin_2, serial_bayou_shore_b
Lair:6:   cheibrodos_lair_end_hotspot, layout_loops_ring, slime_altar_1,
          st_stairs_5, serial_bayou_shore_a
Orc:1:    layout_diamond_mine
Orc:2:    grunt_orc_gardens, layout_diamond_mine, grunt_orc_garden,
          grunt_orc_garden, grunt_orc_garden, grunt_orc_garden, trog_book

Skill      XL: |  1  2  3  4  5  6  7  8  9 10 11 12 13 14 |
---------------+-------------------------------------------+-----
Conjurations   | 2 3 4 5 |  5.1
Dodging        | 3 4 6 7 9 10 11 12 | 12.5
Air Magic      | 5 6 8 9 10 12 14 | 14.2
Spellcasting   | 3 4 5 6 7 8 |  8.6
Armour         | 3 5 7 9 10 | 10.8
Fighting       | 3 5 6 8 10 11 | 11.7
Invocations    | 2 4 5 6 |  6.5
Summonings     | 1 3 |  3.0
Stealth        | |  2.0

Action                   |  1- 3 |  4- 6 |  7- 9 | 10-12 | 13-15 || total
-------------------------+-------+-------+-------+-------+-------++-------
Melee: Dagger            |     8 |    20 |    96 |       |       ||   124
       Unarmed           |     1 |       |       |       |       ||     1
       Kick              |     4 |    19 |    56 |   147 |   171 ||   397
       Long sword        |     9 |    45 |       |       |       ||    54
       Peck              |     1 |    10 |    38 |    75 |   107 ||   231
       Whip              |       |       |   138 |   497 |   510 ||  1145
       Demon trident     |       |       |       |    75 |       ||    75
 Cast: Shock             |    61 |    79 |   136 |    64 |   103 ||   443
       Airstrike         |       |       |    36 |   163 |   219 ||   418
       Lightning Bolt    |       |       |       |    10 |     2 ||    12
       Swiftness         |       |       |       |     2 |     1 ||     3
       Summon Lightning  |       |       |       |       |    30 ||    30
 Abil: Fly               |       |       |       |     1 |       ||     1
Evoke: Wand              |       |       |       |     2 |       ||     2
  Use: Scroll            |       |       |     6 |    16 |    13 ||    35
 Stab: Sleeping          |       |     3 |     2 |     2 |       ||     7
       Paralysed         |       |       |       |     4 |       ||     4
       Distracted        |       |       |       |       |     5 ||     5
Armor: Robe              |     5 |     7 |    51 |   108 |       ||   171
       Scale mail        |       |       |       |   107 |   187 ||   294
Dodge: Dodged            |    26 |    80 |   246 |  1086 |   811 ||  2249
       Rpst.: Long sword |     6 |    20 |       |       |       ||    26

Table legend: (Time is in decaauts)
 A = Elapsed time spent in this place.
 B = Non-inter-level travel time spent in this place.
 C = Inter-level travel time spent in this place.
 D = Time resting spent in this place.
 E = Time spent auto-exploring this place.
 F = Levels seen in this place.
 G = Mean time per level.
                   A        B        C        D        E       F      G
               +--------+--------+--------+--------+--------+-----+--------+
         Total |  39848 |  38372 |   1476 |  20814 |  10835 |  24 | 1660.3 |
       Dungeon |  18838 |  18036 |    802 |   8050 |   7280 |  12 | 1569.8 |
        Temple |     71 |     43 |     28 |      0 |     29 |   1 |   71.0 |
          Lair |  18980 |  18357 |    623 |  11666 |   3290 |   6 | 3163.3 |
  Orcish Mines |    604 |    582 |     22 |    211 |    175 |   2 |  302.0 |
       Ossuary |    440 |    440 |      0 |    121 |     61 |   1 |  440.0 |
      Ice Cave |    255 |    255 |      0 |    154 |      0 |   1 |  255.0 |
       Volcano |    657 |    657 |      0 |    611 |      0 |   1 |  657.0 |
               +--------+--------+--------+--------+--------+-----+--------+

Top non-repeatable levels by time:
  Lair:6: 5301 daAuts
  Lair:5: 4562 daAuts
     D:6: 2790 daAuts
  Lair:4: 2518 daAuts
  Lair:1: 2450 daAuts
     D:8: 2334 daAuts
  Lair:3: 2075 daAuts
  Lair:2: 2071 daAuts
     D:7: 1919 daAuts
     D:2: 1708 daAuts
     D:5: 1643 daAuts
     D:3: 1530 daAuts
     D:1: 1469 daAuts
    D:11: 1242 daAuts
    D:12: 1157 daAuts
